 Dungeon Crawl Stone Soup version 0.31-a0-145-g046c7d2549 (webtiles) character file.

Game seed: 8876721411700864024

19439 Moggi the Severer (level 12, -8/112 HPs)
             Began as a Hill Orc Fighter on June 6, 2023.
             Was an Elder of the Shining One.
             Mangled by a sphinx (12 damage)
             ... summoned by Kirke
             ... on level 12 of the Dungeon.
             The game lasted 00:48:42 (10584 turns).

Moggi the Severer (Hill Orc Fighter)               Turns: 10584, Time: 00:48:43

Health: -8/112     AC:  0    Str: 22    XL:     12   Next: 69%
Magic:  12/12      EV: 14    Int: 10    God:    the Shining One [****..]
Gold:   806        SH:  0    Dex: 10    Spells: 11/11 levels left

rFire   . . .        D - melded +3 hand axe (heavy)
rCold   . . .        c - melded +0 buckler
rNeg    + + .        t - melded +0 plate armour
rPois   .            q - melded +0 helmet
rElec   .            (cloak currently unavailable)
rCorr   .            i - melded +0 pair of gloves
SInv    .            (boots currently unavailable)
Will    .....        g - amulet of regeneration
Stlth   +            K - melded +4 ring of protection
HPRegen 1.18/turn    l - melded +5 ring of evasion
MPRegen 0.13/turn

%: no passive effects
@: about to teleport, pig-form, glowing, very quick
A: fast, no casting, small
a: Renounce Religion, Divine Shield, Cleansing Flame


You were on level 12 of the Dungeon.
You worshipped the Shining One.
The Shining One was greatly pleased with you.
You were a filthy swine.
You visited 2 branches of the dungeon, and saw 13 of its levels.
You also visited: Sewer.

You collected 806 gold pieces.

Inventory:

Hand Weapons
 a - a +0 war axe
 D - a +3 heavy hand axe (melded)
Missiles
 F - 3 throwing nets (quivered)
Armour
 c - a +0 buckler (melded)
 i - a +0 pair of gloves (melded)
 q - a +0 helmet (melded)
 t - a +0 plate armour (melded)
Jewellery
 e - a +5 ring of evasion
 g - an amulet of regeneration (around neck)
 h - a ring of positive energy
 l - a +5 ring of evasion (melded)
 n - a ring of flight
 C - a ring of positive energy
 I - a ring of ice
 J - a ring of protection from cold
 K - a +4 ring of protection (melded)
Wands
 j - a wand of mindburst (5)
 w - a wand of flame (38)
 y - a wand of polymorph (16)
 B - a wand of roots (19)
 E - a wand of light (12)
 G - a wand of charming (4)
Scrolls
 b - a scroll of amnesia
 f - 8 scrolls of teleportation
 o - a scroll of blinking
 A - 2 scrolls of fog
Potions
 d - 3 potions of might
 k - 7 potions of curing
 m - a potion of brilliance
 p - 3 potions of haste
 r - a potion of invisibility
 s - 2 potions of cancellation
 u - 2 potions of magic
 v - 4 potions of enlightenment
 x - a potion of attraction
 z - 7 potions of degeneration
 H - a potion of heal wounds
 L - a potion of berserk rage {unknown}


   Skills:
 * Level 12.0 Fighting
 * Level 15.6 Axes
 * Level 12.0 Armour
 - Level 2.0 Dodging
 - Level 4.0 Stealth
 * Level 8.7 Shields
 + Level 1.0 Invocations


You had 11 spell levels left.
You didn't know any spells.
Your spell library contained the following spells:

 Spells                   Type           Power      Damage    Failure   Level
 Sandblast                Erth           0%         2d4       36%         1
 Passwall                 Tmut/Erth      0%         N/A       50%         2
 Call Canine Familiar     Summ           0%         N/A       75%         3
 Dazzling Flash           Conj/Hex       0%         N/A       75%         3
 Portal Projectile        Hex/Tloc       0%         N/A       75%         3
 Stone Arrow              Conj/Erth      0%         3d7       75%         3
 Tukima's Dance           Hex            0%         N/A       75%         3
 Fulminant Prism          Conj/Hex       0%         3d5       98%         4
 Leda's Liquefaction      Hex/Erth       0%         N/A       98%         4
 Passage of Golubria      Tloc           0%         N/A       98%         4
 Metabolic Englaciation   Hex/Ice        0%         N/A       100%        5
 Summon Forest            Summ/Tloc      0%         N/A       100%        5
 Summon Mana Viper        Hex/Summ       0%         N/A       100%        5
 Yara's Violent Unravell  Hex/Tmut       0%         3d3       100%        5
 Summon Cactus Giant      Summ           0%         N/A       100%        6


Dungeon Overview and Level Annotations

Branches:
Dungeon (12/15)            Temple (1/1) D:6            Lair (0/5) D:8
  Sewer (visited)
    Orc: D:9-12

Altars:
Ashenzari
Cheibriados
Dithmenos
Elyvilon
Fedhas
Gozag
Hepliaklqana
Kikubaaqudgha
Makhleb
Nemelex Xobeh
Okawaru
Qazlal
Ru
Sif Muna
Trog
Uskayaw
Vehumet
Wu Jian
Xom
Yredelemnul
Zin
The Shining One

Annotations:
D:8 1 runed translucent door, iamserjio's ghost, novice OpCK
D:12 Kirke


Message History

You slice Kirke!!
Kirke is moderately wounded.
You slash the hog! You hit the sphinx.
Kirke whispers, "You'd look cute with a curly little tail."
Kirke barely misses you. Kirke hits you! The hog bites you but does no damage.
The sphinx hits you but does no damage. The sphinx closely misses you.
The sphinx hits you but does no damage.
You hit Kirke.
Kirke is moderately wounded.
You hit the sphinx but do no damage. You slash the hog!
Kirke gestures at you while chanting.
You turn into a filthy swine.
Your +3 heavy hand axe melds into your body.
Your +0 helmet melds into your body.
Your +0 pair of gloves melds into your body.
Your +0 buckler melds into your body.
Your +0 plate armour melds into your body.
Your +4 ring of protection melds into your body.
Your +5 ring of evasion melds into your body.
The hog barely misses you. The sphinx hits you!! The sphinx closely misses you.
The sphinx misses you.
You hit Kirke.
Kirke is moderately wounded.
Kirke hits you. The hog closely misses you. The sphinx hits you!!
The sphinx hits you! The sphinx hits you.
* * * LOW HITPOINT WARNING * * *
You feel better. Kirke misses you. The hog bites you!
* * * LOW HITPOINT WARNING * * *
Kirke barely misses you. The sphinx hits you.
* * * LOW HITPOINT WARNING * * *
The sphinx hits you.
* * * LOW HITPOINT WARNING * * *
The sphinx hits you.
* * * LOW HITPOINT WARNING * * *
As you read the scroll of teleportation, it crumbles to dust.
You feel strangely unstable. The hog barely misses you.
Kirke barely misses you. The sphinx hits you!
* * * LOW HITPOINT WARNING * * *
The sphinx hits you!
You die...

...............# #..#
...............######.##
....##...))...)#).)...#
.......).)).....)#######
.......)..)[#..#........
.........)(.#..#...>....
..........)....#.†......
################†.......
#@h†.......
#...h.H.......
####......<...
#.......... ########.##
.# #


You could see Kirke (fast), a sphinx (summoned) and a hog.

Vanquished Creatures
  Gastronok (D:11)
  2 two-headed ogres
  Amaemon (D:8)
  Pikel (D:7)
  An ugly thing (D:11)
  2 cyclopes
  A manticore (D:12)
  An orange demon (D:8)
  2 gargoyles (D:11)
  Maggie (D:8)
  A komodo dragon (D:8)
  4 trolls
  A hornet (D:11)
  2 vampires
  12 slime creatures (D:12)
  2 shadows
  3 wraiths
  2 wyverns (D:8)
  Eustachio (D:4)
  11 yaks
  6 hogs (D:12)
  A basilisk (D:8)
  A steam dragon (D:8)
  4 vampire mosquitoes (D:12)
  Edmund (D:6)
  3 water moccasins
  An acid dragon (D:9)
  A swamp drake (D:12)
  10 orc warriors
  4 black bears
  An ogre (D:6)
  6 centaurs
  2 lemures (D:7)
  A phantom (D:5)
  2 kobold brigands
  3 gnoll sergeants
  2 bullfrogs
  A scorpion (D:5)
  11 wights
  4 killer bees (D:7)
  2 howler monkeys
  7 hounds
  4 jellies
  4 orc priests
  2 gnoll boudas
  A sleepcap (D:6)
  6 iguanas
  Natasha (thrice) (D:3)
  11 orc wizards
  25 gnolls
  7 adders
  A shadow imp (D:6)
  7 white imps
  3 worms
  3 dart slugs
  37 orcs
  17 endoplasms
  11 giant cockroaches
  9 goblins
  7 hobgoblins
  7 jackals
  5 quokkas
  9 ball pythons
  4 bats
  4 frilled lizards
  15 kobolds
  7 rats
335 creatures vanquished.

Vanquished Creatures (others)
  3 orcs (D:12)
3 creatures vanquished.

Grand Total: 338 creatures vanquished

Notes
Turn   | Place    | Note
-------+----------+-------------------------------------------
     0 | D:1      | Moggi the Hill Orc Fighter began the quest for the Orb.
     0 | D:1      | Reached XP level 1. HP: 19/19 MP: 1/1
   167 | D:1      | Reached XP level 2. HP: 21/27 MP: 2/2
   206 | D:1      | Reached skill level 3 in Axes
   421 | D:1      | Reached XP level 3. HP: 33/33 MP: 3/3
  1070 | D:2      | Reached XP level 4. HP: 38/40 MP: 4/4
  1109 | D:2      | Reached skill level 4 in Axes
  1142 | D:2      | Identified the +4 sling of the Hall of Blades {flame, Fly
                  | Will- Int+7}
  1290 | D:3      | Noticed Natasha
  1303 | D:3      | Killed Natasha
  1551 | D:3      | Noticed Natasha
  1559 | D:3      | Killed Natasha
  1560 | D:3      | Reached skill level 1 in Stealth
  1560 | D:3      | Reached XP level 5. HP: 43/46 MP: 5/5
  1624 | D:3      | Found a glowing drain.
  1648 | Sewer    | Entered a sewer
  1683 | Sewer    | Reached skill level 1 in Dodging
  1773 | Sewer    | Found a viscous altar of Jiyva.
  1827 | Sewer    | Reached skill level 5 in Axes
  1852 | Sewer    | Reached XP level 6. HP: 40/53 MP: 6/6
  1924 | D:3      | Got the Textbook on Fascination
  2049 | D:3      | Noticed Natasha
  2054 | D:3      | Killed Natasha
  2361 | D:4      | Noticed Eustachio
  2400 | D:4      | Killed Eustachio
  2401 | D:4      | Reached skill level 6 in Axes
  2401 | D:4      | Reached XP level 7. HP: 54/60 MP: 7/7
  3077 | D:5      | Entered Level 5 of the Dungeon
  3209 | D:5      | Reached skill level 7 in Axes
  3290 | D:5      | Reached skill level 5 in Fighting
  3375 | D:5      | Reached skill level 5 in Armour
  3492 | D:5      | Reached XP level 8. HP: 68/68 MP: 8/8
  4027 | D:6      | Reached skill level 8 in Axes
  4139 | D:6      | Found a staircase to the Ecumenical Temple.
  4263 | D:6      | Noticed Edmund
  4278 | D:6      | Killed Edmund
  4279 | D:6      | Reached skill level 9 in Axes
  4629 | D:6      | Reached skill level 5 in Shields
  4707 | Temple   | Entered the Ecumenical Temple
  4743 | Temple   | Became a worshipper of the Shining One
  5120 | D:7      | Reached XP level 9. HP: 51/75 MP: 9/9
  5157 | D:7      | Reached skill level 10 in Axes
  5672 | D:7      | Reached skill level 11 in Axes
  5749 | D:7      | Noticed Pikel
  5768 | D:7      | Killed Pikel
  5992 | D:8      | Reached * piety under the Shining One
  6002 | D:8      | Reached XP level 10. HP: 86/86 MP: 10/10
  6045 | D:8      | Reached skill level 12 in Axes
  6234 | D:8      | Found a runed translucent door.
  6235 | D:8      | Noticed iamserjio's ghost (novice OpCK)
  6257 | D:8      | Noticed Amaemon
  6257 | D:8      | Noticed an orange demon
  6359 | D:8      | Reached skill level 13 in Axes
  6414 | D:8      | Reached ** piety under the Shining One
  6477 | D:8      | Identified the +11 sling of the Magi {elec, rC+}
  6649 | D:8      | Noticed Maggie
  6667 | D:8      | Killed Maggie
  6832 | D:8      | HP: 4/90 [asphyx]
  7164 | D:8      | Found a staircase to the Lair.
  7304 | D:8      | Killed an orange demon
  7305 | D:8      | Reached XP level 11. HP: 95/95 MP: 11/11
  7334 | D:8      | Killed Amaemon
  7335 | D:8      | Reached skill level 14 in Axes
  7363 | D:8      | Noticed a two-headed ogre
  7371 | D:8      | Killed a two-headed ogre
  7750 | D:9      | Reached skill level 1 in Invocations
  8455 | D:10     | Entered Level 10 of the Dungeon
  8569 | D:10     | Found an opulent altar of Gozag.
  8580 | D:10     | Found an ornate altar of the Wu Jian Council.
  8692 | D:10     | Reached *** piety under the Shining One
  9143 | D:10     | Reached skill level 10 in Armour
  9392 | D:11     | Found a gate leading to a gauntlet.
  9434 | D:11     | Noticed a cyclops
  9446 | D:11     | Killed a cyclops
  9447 | D:11     | Reached skill level 10 in Fighting
  9484 | D:11     | Identified the +4 scale mail of Duck's Teeth {Int+4 Dex+2}
  9492 | D:11     | Noticed a purple ugly thing
  9503 | D:11     | Killed a purple ugly thing
  9566 | D:11     | Identified the +0 quarterstaff "Exyilef" {freeze, rF- Int+3
                  | SInv}
  9722 | D:11     | Noticed Gastronok
  9742 | D:11     | Killed Gastronok
  9743 | D:11     | Reached XP level 12. HP: 86/108 MP: 12/12
  9764 | D:11     | Identified the +8 trident of Propriety {flame, Str+7}
  9774 | D:11     | Noticed a two-headed ogre
  9781 | D:11     | Killed a two-headed ogre
  9782 | D:11     | Reached skill level 15 in Axes
 10141 | D:12     | Reached **** piety under the Shining One
 10387 | D:12     | Found a hazy altar of Hepliaklqana.
 10573 | D:12     | Noticed Kirke
 10577 | D:12     | Noticed a sphinx
 10584 | D:12     | HP: 4/112 [sphinx[Kirke] (13)]
 10584 | D:12     | Mangled by a sphinx

Illustrated notes

Levels and vault maps discovered:
D:1:      dpeg_arrival_rooms_with_view, layout_rooms,
          nicolae_figureground_sparkle
D:2:      layout_loops_ring
D:3:      layout_loops_cross, gup_sewer_entry_pipe, minmay_misc_feat_chi,
          uniq_natasha
D:4:      layout_gridville, uniq_eustachio
D:5:      layout_basic, hangedman_decor_slide_cut
D:6:      layout_gridville, minmay_temple_entry_arrows, nicolae_zen_rock_garden,
          kennysheep_nub, uniq_edmund
D:7:      layout_basic, minmay_diced_spiral, uniq_pikel
D:8:      minmay_bubble_buster, layout_gridville, erik_lair_dragon,
          gammafunk_ghost_grave, chequers_serial_rivers_large_a,
          minmay_misc_feat_cross, kennysheep_pointless_box, uniq_amaemon,
          uniq_maggie
D:9:      layout_stronghold, grunt_decor_clamped
D:10:     layout_basic, amethyst_overflow_temple_binary
D:11:     layout_rooms, gauntlet_entry_generic, kennysheep_generic_room_2,
          uniq_gastronok
D:12:     layout_roguey, erik_orc_1, serial_shops, bzr_entry_water,
          nicolae_hepliaklqana_hazy_memory, uniq_kirke
Temple:   mainiacjoe_temple_cubbyholes

Skill      XL: |  1  2  3  4  5  6  7  8  9 10 11 12 |
---------------+-------------------------------------+-----
Axes           | 3 4 5 6 7 9 11 13 14 15 | 15.6
Fighting       | 4 5 6 7 8 10 12 | 12.0
Armour         | 4 5 6 7 8 10 12 | 12.0
Stealth        | 1 2 3 4 |  4.0
Dodging        | 1 2 |  2.0
Shields        | 4 5 6 8 |  8.7
Invocations    | 1 |  1.0

Action                     |  1- 3 |  4- 6 |  7- 9 | 10-12 || total
---------------------------+-------+-------+-------+-------++-------
  Melee: War axe           |    75 |   193 |   433 |   116 ||   817
         Hand axe          |       |       |       |   403 ||   403
         Unarmed           |       |       |       |     1 ||     1
 Invoke: Divine Shield     |       |       |       |     1 ||     1
    Use: Scroll            |     3 |     5 |     4 |     8 ||    20
         Potion            |       |       |     5 |     6 ||    11
 Armour: Scale mail        |    41 |    65 |    12 |       ||   118
         Chain mail        |       |       |    56 |       ||    56
         Plate armour      |       |       |   138 |   237 ||   375
  Dodge: Dodged            |    29 |   157 |   249 |   315 ||   750
  Block: Buckler           |     8 |    54 |   114 |   139 ||   315

Table legend: (Time is in decaauts)
 A = Elapsed time spent in this place.
 B = Non-inter-level travel time spent in this place.
 C = Inter-level travel time spent in this place.
 D = Time resting spent in this place.
 E = Time spent auto-exploring this place.
 F = Levels seen in this place.
 G = Mean time per level.
                   A        B        C        D        E       F      G
               +--------+--------+--------+--------+--------+-----+--------+
         Total |  10734 |   9952 |    782 |    274 |   6930 |  14 |  766.7 |
       Dungeon |  10100 |   9380 |    720 |    274 |   6546 |  12 |  841.7 |
        Temple |    352 |    290 |     62 |      0 |    288 |   1 |  352.0 |
         Sewer |    281 |    281 |      0 |      0 |     96 |   1 |  281.0 |
               +--------+--------+--------+--------+--------+-----+--------+

Top non-repeatable levels by time:
     D:8: 1583 daAuts
     D:5: 955 daAuts
     D:7: 888 daAuts
    D:10: 884 daAuts
     D:9: 867 daAuts
     D:4: 845 daAuts
    D:11: 805 daAuts
     D:3: 791 daAuts
     D:6: 761 daAuts
     D:1: 648 daAuts
     D:2: 638 daAuts
    D:12: 432 daAuts
  Temple: 352 daAuts
   Sewer: 281 daAuts
